 Dungeon Crawl Stone Soup version 0.17.1-3-g152610e (webtiles) character file.

28364 williamiamiam the Peltast (level 13, -7/114 HPs)
             Began as a Minotaur Berserker on Mar 30, 2016.
             Was a High Priest of Trog.
             Splashed by an acid blob's acid (12 damage)
             ... on level 6 of the Lair of Beasts.
             The game lasted 01:54:04 (13582 turns).

williamiamiam the Peltast (Minotaur Berserker)     Turns: 13582, Time: 01:54:04

Health: -7/114     AC:  9    Str: 26    XL:     13   Next: 9%
Magic:  12/12      EV: 12    Int:  4    God:    Trog [*****.]
Gold:   1038       SH: 26    Dex: 17    Spells: 0 memorised, 12 levels left

rFire  x . .     SeeInvis .     C - +6 mace (protect)
rCold  + . .     Clarity  .     N - +0 plate armour
rNeg   + . .     SustAt   .     q - +5 large shield
rPois  .         Gourm    .     (helmet restricted)
rElec  .         Spirit   .     g - +0 cloak
rCorr  .         Warding  .     U - +2 pair of gloves {archery}
rMut   .         Stasis   .     j - +0 pair of boots
MR     .....                    (no amulet)
Stlth  ..........               S - ring "Jaedifal" {Ice rN+}
                                D - +6 ring of dexterity

@: corroded equipment, not resistant to hostile enchantments, extremely
unstealthy
A: retaliatory headbutt, horns 2
a: Berserk, Trog's Hand, Brothers in Arms, Burn Spellbooks, Renounce Religion


You were on level 6 of the Lair of Beasts.
You worshipped Trog.
Trog was extremely pleased with you.
You were not hungry.

You visited 3 branches of the dungeon, and saw 16 of its levels.

You collected 1096 gold pieces.
You spent 58 gold pieces at shops.

Inventory:

Hand Weapons
 k - a +1 short sword of electrocution
 C - a +6 mace of protection (weapon)
Missiles
 x - 4 silver javelins (quivered)
Armour
 g - a +0 cloak (worn)
 j - a +0 pair of boots (worn)
 q - a +5 large shield (worn)
 N - a +0 plate armour (worn)
 U - a +2 pair of gloves of archery (worn)
Rods
 a - a +0 rod of destruction (14/14)
   (You found it on level 3 of the Lair of Beasts)
Jewellery
 b - an uncursed ring of sustain attributes {unknown}
 d - a +4 ring of dexterity
 A - an uncursed ring of protection from cold
 D - a +6 ring of dexterity (left hand)
 S - the ring "Jaedifal" (right hand) {Ice rN+}
   (You found it on level 4 of the Lair of Beasts)

   [ring of ice]

   It enhances your ice magic, and weakens your fire magic.
   It makes you vulnerable to fire.
   It protects you from cold.
   It protects you from negative energy.
Wands
 i - a wand of teleportation (4)
 l - a wand of paralysis (6)
 s - a wand of random effects (31)
 t - a wand of fireball (12)
 I - a wand of teleportation (5)
 J - a wand of frost (22)
 T - a wand of fireball (4)
 X - a wand of lightning (8)
Scrolls
 h - 3 scrolls of noise
 m - 2 scrolls of random uselessness
 n - 2 scrolls of blinking
 o - 2 scrolls of fog
 r - a scroll of magic mapping
 v - 3 scrolls of immolation
 w - 4 scrolls of teleportation
 y - 2 scrolls of amnesia {unknown}
 E - 4 scrolls of remove curse
 K - 5 scrolls of recharging {unknown}
 L - 3 scrolls of torment {unknown}
 M - 3 scrolls of fear {unknown}
 V - 2 scrolls of summoning {unknown}
 W - 2 scrolls of vulnerability {unknown}
Potions
 c - 6 potions of brilliance
 e - a potion of cure mutation
 f - a potion of degeneration {unknown}
 p - a potion of ambrosia
 u - a potion of agility {unknown}
 z - 3 potions of lignification
 B - a potion of resistance {unknown}
 F - 9 potions of curing
 O - 2 potions of invisibility {unknown}
 P - a potion of poison {unknown}
 Y - a potion of beneficial mutation {unknown}
Comestibles
 G - 7 meat rations
 Q - 9 royal jellies
 R - 3 bread rations
 Z - 2 beef jerkies


   Skills:
 + Level 10.5 Fighting
 + Level 2.0 Short Blades
 + Level 10.1 Maces & Flails
   Level 4.4 Polearms
 + Level 2.1 Throwing
 + Level 9.9 Armour
 + Level 10.2 Dodging
 + Level 2.7 Stealth
 + Level 15.7 Shields
 + Level 0.1 Evocations


You had 12 spell levels left.
You didn't know any spells.

Dungeon Overview and Level Annotations

Branches:
Dungeon (9/15)             Temple (1/1) D:5            Lair (6/8) D:9
  Swamp (0/4) Lair:4        Slime (0/6) Lair:6
  Snake: Lair:3-6    Spider: Lair:3-6       Orc: D:9-12

Altars:
Elyvilon
Fedhas
Gozag
Kikubaaqudgha
Makhleb
Nemelex Xobeh
Okawaru
Ru
Sif Muna
Trog
Vehumet
Xom
Zin
The Shining One
Jiyva

Shops:
D:5 [   D:8 *


Innate Abilities, Weirdness & Mutations

You reflexively headbutt those who attack you in melee.
You have a pair of horns on your head.


Message History

You headbutt the acid blob!
The acid blob is severely wounded.
The acid blob hits you!!
You are splashed with acid!
The acid corrodes you!
The acid burns!
* * * LOW HITPOINT WARNING * * *
The acid blob spits acid at you. You block the splash of acid.
The acid corrodes you! The acid blob spits acid at you.
The splash of acid hits you!
* * * LOW HITPOINT WARNING * * *
The acid corrodes you!
The acid burns!
* * * LOW HITPOINT WARNING * * *
The acid blob spits acid at you. The splash of acid misses you.
The acid blob jiggles.
The acid blob spits acid at you. The splash of acid hits you!
* * * LOW HITPOINT WARNING * * *
The acid corrodes you!
The acid burns!
You die...

### #.## #######.###
###...P...P.#####
##.P.............##
#P.....J..........###
#####...##.#@.##.##...#
####...##..#.#...#.##..P## ###
##.#.#P.P.......#.#..##...# ###P#
#.#...........##..#..##..## #....
##...........#......##...# #...
###..............>..##..## #...
.#....................#.######...
............#..#..#.#.....##P....
..#.........##..#.#...#...###P...


You could see an acid blob.

Vanquished Creatures
  The ghost of emiel the Spear-Bearer, a journeyman NaBe of Trog (Lair:6)
  5 hydras
  The ghost of juanjsm the Covert, a journeyman SpEn of Ashenzari (Lair:3)
  The ghost of azaza322 the Shield-Bearer, a novice MiFi of Okawaru (D:6)
  A hill giant (D:8)
  2 griffons
  4 black mambas
  8 spiny frogs
  A fire drake (Lair:6)
  7 komodo dragons
  A two-headed ogre (D:8)
  A boulder beetle (Lair:6)
  A queen bee (Lair:6)
  Sigmund (D:2)
  A wyvern (D:8)
  2 hungry ghosts
  12 yaks
  2 deep elf magi (D:9)
  3 vampire mosquitoes (Lair:4)
  A basilisk (Lair:2)
  14 wolves
  3 hippogriffs
  2 insubstantial wisps (Lair:4)
  18 water moccasins
  2 soldier ants (D:8)
  An ice beast (D:9)
  3 orc warriors
  A phantom (D:5)
  4 porcupines
  2 centaurs
  4 sky beasts
  2 swamp drakes
  A black bear (Lair:1)
  5 ogres
  11 crocodiles
  A wyvern zombie (D:6)
  12 giant frogs
  A scorpion (D:9)
  A wyvern skeleton (D:9)
  30 killer bees
  2 centaur zombies
  2 crimson imps
  A giant frog zombie (D:7)
  6 hounds
  12 orc wizards
  15 jellies
  2 orc priests
  13 iguanas
  Terence (D:2)
  10 worker ants
  19 sheep
  5 hound skeletons
  26 adders
  9 gnolls
  32 river rats
  A shadow imp (D:6)
  An adder zombie (D:6)
  7 oozes
  2 worms (D:2)
  6 giant geckos
  21 orcs
  8 bats
  4 giant cockroaches
  12 goblins
  6 hobgoblins
  6 jackals
  6 quokkas
  A giant gecko skeleton (D:4)
  9 giant newts
  2 jackal skeletons (D:5)
  10 kobolds
  6 rats
  A bush (Lair:5)
  15 fungi
  9 plants
462 creatures vanquished.

Vanquished Creatures (others)
  2 yaks (Lair:4)
  A water moccasin (Lair:6)
  3 fungi
  A plant (Lair:2)
7 creatures vanquished.

Grand Total: 469 creatures vanquished

Notes
Turn   | Place    | Note
--------------------------------------------------------------
     0 | D:1      | williamiamiam the Minotaur Berserker began the quest for the Orb.
     0 | D:1      | Reached XP level 1. HP: 19/19 MP: 0/0
   142 | D:1      | Reached skill level 4 in Polearms
   142 | D:1      | Reached XP level 2. HP: 20/27 MP: 1/1
   654 | D:2      | Reached ** piety under Trog
   654 | D:2      | Reached XP level 3. HP: 15/33 MP: 2/2
   927 | D:2      | Noticed Terence
   937 | D:2      | Killed Terence
   937 | D:2      | Reached skill level 1 in Shields
   937 | D:2      | Reached XP level 4. HP: 41/41 MP: 3/3
  1536 | D:3      | Found a glowing silver altar of Zin.
  1588 | D:3      | Noticed Sigmund
  1651 | D:2      | Killed Sigmund
  1651 | D:2      | Reached skill level 1 in Short Blades
  1651 | D:2      | Reached XP level 5. HP: 12/47 MP: 4/4
  1651 | D:2      | Reached XP level 6. HP: 13/53 MP: 5/5
  2933 | D:4      | Reached *** piety under Trog
  2968 | D:5      | Entered Level 5 of the Dungeon
  3170 | D:5      | Reached skill level 1 in Maces & Flails
  3251 | D:5      | Found a staircase to the Ecumenical Temple.
  3336 | Temple   | Entered the Ecumenical Temple
  3564 | D:5      | Found Caysev's Armour Shop.
  3646 | D:5      | Reached XP level 7. HP: 60/60 MP: 6/6
  3767 | D:5      | Reached skill level 1 in Stealth
  3983 | D:5      | Reached skill level 5 in Fighting
  4047 | D:6      | Reached skill level 5 in Armour
  4284 | D:6      | Found an opulent altar of Gozag.
  4351 | D:6      | Found a viscous altar of Jiyva.
  4580 | D:6      | Noticed azaza322's ghost (novice MiFi)
  4589 | D:6      | Received a gift from Trog
  4589 | D:6      | Reached skill level 5 in Shields
  4593 | D:6      | Killed azaza322's ghost
  4593 | D:6      | Reached skill level 1 in Throwing
  4593 | D:6      | Reached skill level 5 in Dodging
  4593 | D:6      | Reached XP level 8. HP: 70/70 MP: 7/7
  4613 | D:6      | Reached skill level 6 in Fighting
  5172 | D:7      | Reached XP level 9. HP: 57/78 MP: 8/8
  5174 | D:7      | Reached skill level 7 in Fighting
  5551 | D:7      | Reached **** piety under Trog
  5618 | D:7      | Reached skill level 5 in Maces & Flails
  5826 | D:8      | Found Wesoplax's Assorted Antiques.
  5897 | D:8      | Bought a scroll of identify for 58 gold pieces
  6109 | D:8      | Received a gift from Trog
  6157 | D:8      | Noticed a hill giant
  6174 | D:8      | Killed a hill giant
  6174 | D:8      | Reached skill level 8 in Shields
  6379 | D:8      | Reached XP level 10. HP: 82/86 MP: 9/9
  6447 | D:8      | Reached skill level 9 in Shields
  6860 | D:9      | Reached ***** piety under Trog
  7110 | D:9      | Found a staircase to the Lair.
  7421 | Lair:1   | Entered Level 1 of the Lair of Beasts
  7529 | Lair:1   | Noticed a five-headed hydra
  7536 | Lair:1   | Killed a five-headed hydra
  7536 | Lair:1   | Reached skill level 10 in Shields
  7814 | Lair:1   | Noticed a black mamba
  7831 | Lair:1   | Killed a black mamba
  8092 | Lair:1   | Reached XP level 11. HP: 80/95 MP: 10/10
  8130 | Lair:1   | Reached skill level 11 in Shields
  8686 | Lair:2   | Noticed an eight-headed hydra
  8695 | Lair:2   | Killed an eight-headed hydra
  9212 | Lair:2   | Received a gift from Trog
  9215 | Lair:2   | Got an ancient war axe {god gift}
  9944 | Lair:3   | Noticed a six-headed hydra
  9957 | Lair:3   | Killed a six-headed hydra
  9957 | Lair:3   | Reached skill level 12 in Shields
 10012 | Lair:3   | Noticed juanjsm's ghost (journeyman SpEn)
 10041 | Lair:3   | Killed juanjsm's ghost
 10499 | Lair:3   | Reached skill level 10 in Dodging
 10864 | Lair:4   | Reached skill level 13 in Shields
 10864 | Lair:4   | Reached XP level 12. HP: 105/105 MP: 11/11
 11014 | Lair:4   | Got a heavily runed tin ring
 11016 | Lair:4   | Identified the ring "Jaedifal" {Ice rN+} (You found it on level 4 of the Lair of Beasts)
 11080 | Lair:4   | Found a staircase to the Swamp.
 11728 | Lair:5   | Reached skill level 14 in Shields
 11907 | Lair:5   | Noticed a four-headed hydra
 11917 | Lair:5   | Killed a four-headed hydra
 12097 | Lair:6   | Noticed a six-headed hydra
 12112 | Lair:6   | Killed a six-headed hydra
 12112 | Lair:6   | Reached skill level 10 in Fighting
 12153 | Lair:6   | Received a gift from Trog
 12279 | Lair:6   | Reached ****** piety under Trog
 12279 | Lair:6   | Received a gift from Trog
 12287 | Lair:6   | Found a staircase to the Slime Pits.
 12457 | Lair:6   | Reached skill level 15 in Shields
 12659 | Lair:6   | Noticed emiel's ghost (journeyman NaBe)
 12681 | Lair:6   | Reached skill level 10 in Maces & Flails
 12739 | Lair:6   | HP: 5/106 [emiel's ghost (14)]
 13227 | Lair:6   | Killed emiel's ghost
 13227 | Lair:6   | Reached XP level 13. HP: 98/114 MP: 0/12
 13562 | Lair:6   | Noticed an acid blob
 13582 | Lair:6   | HP: 5/114 [acid blob/splash of acid (9)]
 13582 | Lair:6   | Splashed by an acid blob's acid

Action                   |  1- 3 |  4- 6 |  7- 9 | 10-12 | 13-15 || total
-------------------------+-------+-------+-------+-------+-------++-------
Melee: Spear             |    18 |       |       |       |       ||    18
       Short sword       |    77 |    75 |       |       |       ||   152
       Mace              |       |    73 |   233 |  1177 |    24 ||  1507
Throw: Javelin           |       |       |    13 |       |       ||    13
Invok: Trog's Hand       |     2 |     3 |     2 |     8 |       ||    15
       Berserk           |     2 |     2 |     4 |     9 |       ||    17
       Burn Spellbooks   |       |       |       |     1 |       ||     1
Evoke: Wand              |       |       |       |     2 |       ||     2
  Use: Scroll            |       |    11 |     6 |    13 |       ||    30
       Potion            |       |       |     7 |     5 |       ||    12
 Stab: Distracted        |       |       |     2 |       |       ||     2
       Sleeping          |       |       |     1 |     1 |       ||     2
  Eat: Meat ration       |     1 |       |       |       |       ||     1
       Beef jerky        |       |     2 |     1 |       |       ||     3
       Bread ration      |       |     1 |     2 |       |       ||     3
       Chunk             |       |     1 |       |       |       ||     1
       Fruit             |       |       |     5 |    20 |       ||    25
       Royal jelly       |       |       |       |    11 |       ||    11
